 Dungeon Crawl Stone Soup version 0.28.0-47-ge53b351184 (webtiles) character file.

Game seed: 7627624086522594780

50 bobregger the Cudgeller (level 3, -4/39 HPs)
             Began as an Ogre Berserker on May 7, 2022.
             Was a Follower of Trog.
             Slain by a gnoll
             ... wielding a +0 halberd
              (10 damage)
             ... on level 2 of the Dungeon.
             The game lasted 00:00:41 (1299 turns).

bobregger the Cudgeller (Ogre Berserker)            Turns: 1299, Time: 00:00:42

Health: -4/39      AC:  3    Str: 21    XL:     3   Next: 79%
Magic:  3/3        EV: 10    Int:  8    God:    Trog [*.....]
Gold:   83         SH:  0    Dex: 10    Spells: 2/2 levels left

rFire   . . .      SeeInvis .   a - +0 mace
rCold   . . .      Faith    .   (no shield)
rNeg    . . .      Spirit   .   b - +0 animal skin
rPois   .          Reflect  .   (helmet restricted)
rElec   .          Harm     .   (no cloak)
rCorr   .          Rampage  .   (gloves unavailable)
Will    .....                   (boots unavailable)
Stlth   +.........              (no amulet)
HPRegen 0.13/turn               (no ring)
MPRegen 0.08/turn               (no ring)

@: on berserk cooldown, flying
A: large, unfitting armour, tough skin 1
a: Renounce Religion, Berserk


You were on level 2 of the Dungeon.
You worshipped Trog.
Trog was aware of your devotion.
You visited 1 branch of the dungeon, and saw 2 of its levels.

You collected 83 gold pieces.

Inventory:

Hand Weapons
 a - a +0 mace (weapon)
Missiles
 f - a throwing net (quivered)
Armour
 b - a +0 animal skin (worn)
Jewellery
 c - a ring of poison resistance
Potions
 e - a potion of heal wounds {unknown}


   Skills:
 - Level 4.0 Fighting
 + Level 4.2 Maces & Flails
 - Level 2.6 Dodging


You had 2 spell levels left.
You didn't know any spells.
Your spell library was empty.

Dungeon Overview and Level Annotations

Branches:
Dungeon (2/15)

Altars:


Innate Abilities, Weirdness & Mutations

You are too large for most types of armour.
You have tough skin. (AC +1)


Message History

You kill the endoplasm!
Trog accepts your kill.
You thump the gnoll!
You kill the gnoll!
Trog accepts your kill.
f - a throwing net
Things that are here:
a +0 whip; a +0 halberd You are no longer berserk.
You are exhausted.
You feel yourself slow down.
You start resting.
A gnoll is nearby!
A gnoll is nearby!
A gnoll is nearby!
A gnoll is nearby!
A gnoll is nearby!
The gnoll shouts!
Things that are here:
a +0 whip; a +0 halberd The gnoll hits you from afar with a +0 halberd!
You see here a +0 club.
The gnoll barely misses you.
You feel yourself speed up. The gnoll barely misses you.
You hit the gnoll but do no damage. The gnoll hits you with a +0 halberd.
You thump the gnoll!
The gnoll is heavily wounded.
The gnoll hits you with a +0 halberd.
* * * LOW HITPOINT WARNING * * *
You completely miss the gnoll.
The gnoll is heavily wounded.
The gnoll barely misses you. The gnoll hits you but does no damage.
You barely miss the gnoll.
The gnoll is heavily wounded.
The gnoll closely misses you.
It was a potion of flight.
You feel very buoyant.
You fly up into the air.
The gnoll hits you with a +0 halberd!
You die...

#..##..# ##.#...###
........ #..... #.#..#
#.###.##<# #........#
#####.###########
#.#...@g)...#.#..#
#####.#.######........
#...............#.##.#
#.###.#............#
#.#..............
#.#............#.#
#...........#.## #
...............
###.........#.##


You could see a gnoll.

Vanquished Creatures
  3 gnolls (D:2)
  An adder (D:2)
  An endoplasm (D:2)
  A goblin (D:1)
  2 hobgoblins (D:1)
  2 kobolds (D:1)
  A quokka (D:1)
  A ball python (D:1)
  A rat (D:1)
13 creatures vanquished.

Notes
Turn   | Place    | Note
-------+----------+-------------------------------------------
     0 | D:1      | bobregger the Ogre Berserker began the quest for the Orb.
     0 | D:1      | Reached XP level 1. HP: 24/24 MP: 1/1
   267 | D:1      | Reached XP level 2. HP: 7/32 MP: 2/2
  1259 | D:2      | Reached XP level 3. HP: 39/39 MP: 3/3
  1299 | D:2      | Slain by a gnoll

Illustrated notes

Levels and vault maps discovered:
D:1:      lightli_arrival_maybe_door_vault, layout_loops_ring, minmay_cupped
D:2:      wander_river, layout_loops_corners, shapermc_ecumenical_altar_gd,
          fountainhead

Skill      XL: |  1  2  3 |
---------------+----------+-----
Maces & Flails | 3 4 |  4.2
Fighting       | |  4.0
Dodging        | |  2.6

Action                   || total
-------------------------++-------
Melee: Mace              ||    41
Invok: Berserk           ||     1
  Use: Potion            ||     1
Armor: Animal skin       ||     5
Dodge: Dodged            ||    28
